 Dungeon Crawl Stone Soup version 0.30-a0-830-gfe289a77b0 (webtiles) character file.

Game seed: 7583566789440671186

3204 demibob the Cruncher (level 9, 0/52 (61) HPs)
             Began as a Demonspawn Gladiator on Mar 1, 2023.
             Slain by a wight
             ... wielding a +4 battleaxe
              (6 damage)
             ... on level 7 of the Dungeon.
             The game lasted 00:11:35 (6865 turns).

demibob the Cruncher (Demonspawn Gladiator)         Turns: 6865, Time: 00:11:35

HP:   0/52 (61)     AC: 13    Str: 14    XL:     9   Next: 65%
MP:   9/9           EV: 12    Int: 14    God:
Gold: 403           SH:  0    Dex: 15    Spells: 6/8 levels left

rFire   . . .      SeeInvis .    a - +1 quarterstaff
rCold   . . .      Faith    .    (shield currently unavailable)
rNeg    . . .      Spirit   .    b - +0 leather armour
rPois   .          Reflect  .    c - +0 helmet
rElec   .          Harm     .    (no cloak)
rCorr   .          Rampage  .    p - +1 pair of gloves
Will    .....                    h - +2 pair of boots
Stlth   +                        (no amulet)
HPRegen 0.28/turn                (no ring)
MPRegen 0.22/turn                (no ring)

@: heavily drained
A: molten scales 2, foul stench 1, magic regeneration
a: no special abilities


You were on level 7 of the Dungeon.
You visited 1 branch of the dungeon, and saw 7 of its levels.

You collected 403 gold pieces.


Innate Abilities, Weirdness & Mutations

You are mostly covered in molten scales. (AC +3)
You may rarely emit foul miasma when damaged in melee.
You regenerate magic rapidly.


   Skills:
 - Level 2.0 Fighting
 + Level 11.1 Staves
 - Level 1.7 Throwing
 - Level 4.1 Armour
 - Level 2.6 Dodging
 - Level 4.3 Transmutations


You had 6 spell levels left.
You knew the following spells:

 Your Spells              Type           Power      Damage    Failure   Level
w - Wereblood             Tmut           12%        N/A       9%          2

Your spell library contained the following spells:

 Spells                   Type           Power      Damage    Failure   Level
 Sublimation of Blood     Necr           0%         N/A       47%         2
 Ignite Poison            Fire/Tmut/Pois 4%         N/A       52%         3
 Petrify                  Tmut/Erth      6%         N/A       82%         4
 Sticky Flame             Conj/Fire      0%         2d3       98%         4
 Metabolic Englaciation   Hex/Ice        0%         N/A       100%        5
 Statue Form              Tmut/Erth      4%         N/A       100%        6
 Summon Hydra             Summ           0%         N/A       100%        7
 Ignition                 Fire           0%         3d3       100%        8

Inventory:

Hand Weapons
 a - a +1 quarterstaff (weapon)
Missiles
 e - a javelin (quivered)
 s - 6 curare-tipped darts {=f}
 C - 2 throwing nets {=f}
Armour
 b - a +0 leather armour (worn)
 c - a +0 helmet (worn)
 h - a +2 pair of boots (worn)
 p - a +1 pair of gloves (worn)
 w - a +0 cloak
Magical Staves
 x - a staff of earth {!a}
Jewellery
 t - an amulet of faith {!P}
 u - an amulet of magic regeneration
 v - an amulet of guardian spirit
 Z - a ring of wizardry
Wands
 g - a wand of roots (1)
 k - a wand of quicksilver (3)
 y - a wand of polymorph (15)
Scrolls
 f - 3 scrolls of teleportation {@r2}
 l - a scroll of fog
 r - a scroll of fear
 A - 3 scrolls of enchant weapon
 B - a scroll of identify {@r1}
Potions
 d - 2 potions of magic {unknown}
 i - 2 potions of attraction {unknown}
 j - a potion of mutation {unknown}
 m - a potion of haste {unknown}
 n - 3 potions of flight {unknown}
 o - 2 potions of invisibility {unknown}
 q - 3 potions of curing {@q1}
 z - 3 potions of resistance

Dungeon Overview and Level Annotations

Branches:
Dungeon (7/15)
 Temple: D:4-7

Altars:
Gozag
Okawaru
Wu Jian
Yredelemnul

##################
.................#
.)...###########.#
##.....# ###.#####
.......# #.......#
###.#### #.#)##..#
.....># #.#.##..#
###.#.# # #.....#
# #.#.# # #@##..#
###.#.# #.#z##..#
#...#.#
####....#..#
#.###.#
............# ..#
.# ............#
..# .#
............# ###
............# #
............# #
............#


You could see a wight.


Message History

A wight comes into view. It is wielding a +6 great sword.
The wight hits you with a +4 battleaxe. The wight hits you with a +4 battleaxe!
The wight attacks as you move away! The wight hits you with a +4 battleaxe!
You feel drained.
Your primal bloodlust has ended.
You feel better.
The wight hits you with a +6 great sword.
You feel drained.
You barely miss the wight. The wight closely misses you.
You hit the wight.
The wight is lightly damaged.
The wight hits you with a +6 great sword!
You feel drained.
You hit the wight.
The wight is moderately damaged.
You sock the wight!
The wight is severely damaged.
The wight hits you with a +6 great sword!
* * * LOW HITPOINT WARNING * * *
You feel drained.
* * * LOW HITPOINT WARNING * * *
You are too injured to fight recklessly!
You thump the wight!
You destroy the wight!
You feel better.
The wight hits you with a +4 battleaxe!!
* * * LOW HITPOINT WARNING * * *
You feel drained.
You die...

Skill      XL: |  1  2  3  4  5  6  7  8  9 |
---------------+----------------------------+-----
Staves         | 3 4 5 6 9 11 | 11.1
Transmutations | 1 2 3 4 |  4.3
Armour         | 1 2 4 |  4.1
Fighting       | |  2.0
Throwing       | |  1.7
Dodging        | |  2.6

Action                     |  1- 3 |  4- 6 |  7- 9 || total
---------------------------+-------+-------+-------++-------
  Melee: Quarterstaff      |    95 |   155 |   292 ||   542
         Unarmed           |       |       |     5 ||     5
  Throw: Throwing net      |     4 |     2 |       ||     6
         Javelin           |       |     1 |       ||     1
   Cast: Wereblood         |       |       |    12 ||    12
  Evoke: Wand              |       |       |     7 ||     7
    Use: Scroll            |     2 |     6 |     5 ||    13
         Potion            |       |       |     4 ||     4
   Stab: Held in net/web   |       |     2 |       ||     2
         Sleeping          |       |     1 |       ||     1
         Confused          |       |       |     1 ||     1
 Armour: Leather armour    |    38 |    65 |   113 ||   216
  Dodge: Dodged            |    50 |   108 |   141 ||   299

Levels and vault maps discovered:
D:1:      amcnicky_arrival_flooded_fountain, layout_loops_corners
D:2:      layout_basic
D:3:      layout_loops_ring, serial_aquarium, aquarium_bridge_long_joined
          [aquarium_subvault_wall, aquarium_subvault_window,
          aquarium_subvault_wall, aquarium_subvault_bridge,
          aquarium_subvault_bridge, aquarium_subvault_balcony],
          aquarium_bridge_square [aquarium_subvault_window,
          aquarium_subvault_bridge, aquarium_subvault_wall,
          aquarium_subvault_bridge], aquarium_window_1, aquarium_window_corner,
          aquarium_window_2, aquarium_window_corridor_2, aquarium_view_2e,
          aquarium_balcony_3a, minmay_misc_feat_iff, reono_crystal_passage,
          grunt_ministairs_11
D:4:      layout_rooms, uniq_natasha, uniq_ijyb, uniq_sigmund
D:5:      layout_rooms, serial_co_window_serial, co_window_paths_a,
          co_window_corner_a, co_window_paths_a, co_window_paths_a,
          co_window_paths_a, co_window_paths_a, co_window_paths_c,
          co_window_corner_cb, co_window_of_opportunity_c,
          co_window_of_opportunity_b, co_window_broadway_c, co_window_corner_ca,
          co_window_paths_d, glass_columns_a
D:6:      layout_basic, uniq_pikel, uniq_maggie, uniq_menkaure
D:7:      layout_basic, grunt_temple_overflow_open, minmay_temple_entry_waves

Notes
Turn   | Place    | Note
-------+----------+-------------------------------------------
     0 | D:1      | demibob the Demonspawn Gladiator began the quest for the
                  | Orb.
     0 | D:1      | Reached XP level 1. HP: 16/16 MP: 1/1
    34 | D:1      | Reached skill level 3 in Staves
   284 | D:1      | Gained mutation: You are partially covered in molten
                  | scales. (AC +2) [demonic ancestry]
   284 | D:1      | Reached XP level 2. HP: 22/22 MP: 2/2
   895 | D:2      | Gained mutation: You regenerate magic rapidly. [demonic
                  | ancestry]
   895 | D:2      | Reached XP level 3. HP: 27/27 MP: 3/3
   923 | D:2      | Reached skill level 4 in Staves
  1015 | D:2      | Learned a level 2 spell: Wereblood
  1410 | D:2      | Reached XP level 4. HP: 33/33 MP: 4/4
  1642 | D:2      | Reached skill level 1 in Transmutations
  2290 | D:3      | Reached skill level 1 in Armour
  2290 | D:3      | Reached XP level 5. HP: 35/38 MP: 5/5
  2691 | D:4      | Noticed Sigmund
  2691 | D:4      | Noticed an ogre
  2841 | D:3      | Killed Sigmund
  2842 | D:3      | Reached skill level 5 in Staves
  2842 | D:3      | Reached skill level 2 in Armour
  2842 | D:3      | Reached skill level 2 in Transmutations
  2842 | D:3      | Gained mutation: You are mostly covered in molten scales.
                  | (AC +3) [demonic ancestry]
  2842 | D:3      | Reached XP level 6. HP: 24/44 MP: 6/6
  3040 | D:3      | Reached skill level 3 in Transmutations
  3130 | D:3      | Gained mutation: You may rarely emit foul miasma when
                  | damaged in melee. [demonic ancestry]
  3130 | D:3      | Reached XP level 7. HP: 44/50 MP: 7/7
  3190 | D:4      | Reached skill level 3 in Armour
  3470 | D:4      | You fall into a shaft and drop 1 floor!
  3470 | D:5      | Entered Level 5 of the Dungeon
  3587 | D:5      | Reached skill level 6 in Staves
  3725 | D:4      | Noticed Natasha
  3740 | D:4      | Killed Natasha
  3853 | D:4      | Noticed Natasha
  3855 | D:4      | Noticed Ijyb
  3865 | D:4      | Killed Natasha
  3866 | D:4      | Reached skill level 4 in Transmutations
  3873 | D:4      | Killed Ijyb
  3904 | D:4      | Noticed Natasha
  3912 | D:4      | Killed Natasha
  4173 | D:5      | Reached skill level 4 in Armour
  4283 | D:5      | Reached XP level 8. HP: 56/56 MP: 6/8
  4346 | D:5      | Reached skill level 7 in Staves
  4990 | D:6      | Noticed Menkaure
  5014 | D:6      | Killed Menkaure
  5257 | D:6      | Reached skill level 8 in Staves
  5561 | D:6      | Noticed Maggie
  5585 | D:6      | Noticed Pikel
  5588 | D:6      | Killed Maggie
  5589 | D:6      | Reached skill level 9 in Staves
  5589 | D:6      | Reached XP level 9. HP: 21/61 MP: 9/9
  5768 | D:6      | Killed Pikel
  5769 | D:6      | Reached skill level 10 in Staves
  6473 | D:6      | Identified 2 potions of resistance
  6551 | D:7      | Found a basalt altar of Yredelemnul.
  6552 | D:7      | Found an iron altar of Okawaru.
  6558 | D:7      | Found an opulent altar of Gozag.
  6559 | D:7      | Found an ornate altar of the Wu Jian Council.
  6737 | D:7      | Reached skill level 11 in Staves
  6865 | D:7      | Slain by a wight

Vanquished Creatures
  Pikel (D:6)
  Maggie (D:6)
  Sigmund (D:3)
  Menkaure (D:6)
  2 water moccasins
  2 sky beasts
  A black bear (D:3)
  3 ice beasts
  An ogre (D:4)
  A centaur (D:5)
  2 kobold brigands
  A scorpion (D:6)
  10 wights
  5 hounds
  5 iguanas
  Ijyb (D:4)
  Natasha (thrice) (D:4)
  7 gnolls (D:3)
  7 adders
  A white imp (D:7)
  2 ufetubi
  A worm (D:3)
  4 dart slugs
  4 orcs
  4 ball pythons
  11 endoplasms
  9 goblins
  3 hobgoblins
  3 bats
  4 frilled lizards (D:1)
  10 kobolds
  5 rats (D:2)
116 creatures vanquished.

Table legend: (Time is in decaauts)
 A = Elapsed time spent in this place.
 B = Non-inter-level travel time spent in this place.
 C = Inter-level travel time spent in this place.
 D = Time resting spent in this place.
 E = Time spent auto-exploring this place.
 F = Levels seen in this place.
 G = Mean time per level.
                   A        B        C        D        E       F      G
               +--------+--------+--------+--------+--------+-----+--------+
         Total |   6894 |   6564 |    330 |    876 |   4524 |   7 |  984.9 |
       Dungeon |   6894 |   6564 |    330 |    876 |   4524 |   7 |  984.9 |
               +--------+--------+--------+--------+--------+-----+--------+

Top non-repeatable levels by time:
     D:6: 1374 daAuts
     D:3: 1339 daAuts
     D:5: 1097 daAuts
     D:4: 937 daAuts
     D:2: 915 daAuts
     D:1: 878 daAuts
     D:7: 351 daAuts

Table legend:
 A = Non-vault XP
 B = Vault XP
 C = Vault XP percentage of total XP
 D = Non-vault monster count
 E = Vault monster count
 F = Vault count percentage of total count
                 A         B        C        D         E       F
            +---------+---------+-------+---------+---------+-------
      Total |    3096 |    1482 |  32.4 |     109 |       7 |   6.0
            +---------+---------+-------+---------+---------+-------
        D:1 |      31 |       0 |   0.0 |      16 |       0 |   0.0
        D:2 |      94 |       0 |   0.0 |      21 |       0 |   0.0
        D:3 |     343 |     224 |  39.5 |      21 |       2 |   8.7
        D:4 |     430 |      71 |  14.2 |      13 |       2 |  13.3
        D:5 |     601 |       0 |   0.0 |      13 |       0 |   0.0
        D:6 |     883 |    1187 |  57.3 |      10 |       3 |  23.1
        D:7 |     714 |       0 |   0.0 |      15 |       0 |   0.0
            +---------+---------+-------+---------+---------+-------
